TOP OF THE 1ST |
High Desert Mavericks batting - Pitching for Fort Myers Miracle : RHP Glen Dutton
|
Pitching: RHP Glen Dutton
|
|
Batting: RHB Steve Haskins
|
0-0: Ball 1-0: Ball 2-0: Foul Ball, location: 2F 2-1: Ball 3-1: Base on Balls
|
Batting: RHB Vinny Luna
|
0-0: Foul Ball, location: 2F 0-1: Ball 1-1: Ball 2-1: Hit by Pitch Steve Haskins to second
|
Batting: RHB Jose Leon
|
0-0: Called Strike 0-1: Fielders Choice at 2nd, 4-6 (Groundball, 4MD, EV 88.1 MPH) Steve Haskins to third
|
Batting: RHB Andres Valles
|
0-0: Foul Ball, location: 2F 0-1: Fly out, F9 (Flyball, 89M, EV 81.9 MPH) Runner from 3rd tags up, SCORES, throw by RF
|
Batting: RHB Jason Swisher
|
0-0: Fly out, F8 (Flyball, 8LM, EV 82.5 MPH)
|
Top of the 1st over - 1 run, 0 hits, 0 errors, 1 left on base; High Desert 1 - Fort Myers 0 |
BOTTOM OF THE 1ST |
Fort Myers Miracle batting - Pitching for High Desert Mavericks : RHP Chris Wood
|
Pitching: RHP Chris Wood
|
|
Batting: LHB Marshall Daul
|
0-0: Foul Ball, location: 2F 0-1: Called Strike 0-2: Ball 1-2: Ball 2-2: Ball 3-2: Strikes out swinging
|
Batting: LHB Chris Munguia
|
0-0: Ball 1-0: Called Strike 1-1: Foul Ball, location: 2F 1-2: DOUBLE (Line Drive, 89D, EV 102.5 MPH)
|
Batting: RHB Ryan Gautney
|
0-0: Ball Chris Munguia steals 3rd base 1-0: Called Strike Passed Ball! Chris Munguia scores 1-1: Ball 2-1: Ball 3-1: Swinging Strike 3-2: Foul Ball, location: 2F 3-2: Strikes out swinging
|
Batting: RHB Michael McDonald
|
0-0: Swinging Strike 0-1: Ball 1-1: Ball 2-1: Foul Ball, location: 2F 2-2: Foul Ball, location: 2F 2-2: Fly out, F7 (Flyball, 78M, EV 87.5 MPH)
|
Bottom of the 1st over - 1 run, 1 hit, 0 errors, 0 left on base; High Desert 1 - Fort Myers 1 |
TOP OF THE 2ND |
High Desert Mavericks batting - Pitching for Fort Myers Miracle : RHP Glen Dutton
|
Batting: RHB Zach Koblinski
|
0-0: Fly out, F8 (Flyball, 8LD, EV 104.4 MPH)
|
Batting: RHB Luis Reyna
|
0-0: Hit by Pitch
|
Batting: RHB Ferdi Schipper
|
0-0: Ball 1-0: Called Strike 1-1: Ball 2-1: Called Strike 2-2: Strikes out swinging
|
Batting: RHB Reilly Hawkins
|
0-0: Ball 1-0: Called Strike 1-1: Ball 2-1: Ball 3-1: Base on Balls Luis Reyna to second
|
Batting: RHB Steve Haskins
|
0-0: Called Strike 0-1: Ball 1-1: Fly out, F7 (Flyball, 78M, EV 80.6 MPH)
|
Top of the 2nd over - 0 runs, 0 hits, 0 errors, 2 left on base; High Desert 1 - Fort Myers 1 |
BOTTOM OF THE 2ND |
Fort Myers Miracle batting - Pitching for High Desert Mavericks : RHP Chris Wood
|
Batting: RHB John Dew
|
0-0: Ball 1-0: Ball 2-0: Ball 3-0: Called Strike 3-1: Foul Ball, location: 2F 3-2: Foul Ball, location: 2F 3-2: Base on Balls
|
Batting: LHB Tomas Espino
|
0-0: Ball 1-0: Foul Ball, location: 2F 1-1: Swinging Strike 1-2: Ball 2-2: Strikes out swinging
|
Batting: RHB Kevin Harris
|
0-0: Ball 1-0: Swinging Strike 1-1: Swinging Strike 1-2: Ground out 6-3 (Groundball, 6S, EV 69.4 MPH) John Dew to second
|
Batting: RHB Tony Crespo
|
0-0: Ball 1-0: Called Strike 1-1: SINGLE (Groundball, 6MD, EV 107.5 MPH) John Dew to third Runner from 3rd tries for Home, SAFE, throw by CF to home
|
Batting: SHB Manny Molina
|
0-0: Ball 1-0: Called Strike 1-1: Ball 2-1: SINGLE (Popup, 4D, EV 48.1 MPH) Tony Crespo to second Runner from 2nd tries for 3rd, SAFE, throw by 2B made to third
|
Batting: LHB Marshall Daul
|
0-0: Ball 1-0: Ball 2-0: Ball 3-0: Called Strike 3-1: Foul Ball, location: 2F 3-2: Strikes out swinging
|
Bottom of the 2nd over - 1 run, 2 hits, 0 errors, 2 left on base; High Desert 1 - Fort Myers 2 |
TOP OF THE 3RD |
High Desert Mavericks batting - Pitching for Fort Myers Miracle : RHP Glen Dutton
|
Batting: RHB Vinny Luna
|
0-0: Called Strike 0-1: Ball 1-1: Called Strike 1-2: Ball 2-2: Strikes out swinging
|
Batting: RHB Jose Leon
|
0-0: Called Strike 0-1: Called Strike 0-2: Ball 1-2: Foul Ball, location: 2F 1-2: Hit by Pitch
|
Batting: RHB Andres Valles
|
0-0: Foul Ball, location: 2F 0-1: Foul Ball, location: 2F 0-2: Strikes out swinging
|
Batting: RHB Jason Swisher
|
0-0: Ball 1-0: SINGLE (Flyball, 8RS, EV 87.5 MPH) Jose Leon to second
|
Batting: RHB Zach Koblinski
|
0-0: Called Strike 0-1: Foul Ball, location: 2F 0-2: Fielders Choice at 2nd, 6-4 (Groundball, 6, EV 110.0 MPH)
|
Top of the 3rd over - 0 runs, 1 hit, 0 errors, 2 left on base; High Desert 1 - Fort Myers 2 |
BOTTOM OF THE 3RD |
Fort Myers Miracle batting - Pitching for High Desert Mavericks : RHP Chris Wood
|
Batting: LHB Chris Munguia
|
0-0: Ball 1-0: Ball 2-0: Ball 3-0: Called Strike 3-1: Base on Balls
|
Batting: RHB Ryan Gautney
|
0-0: Ball 1-0: Called Strike Pickoff Throw to First - Error! E1 Chris Munguia to second 1-1: Ball 2-1: DOUBLE (Line Drive, 89D, EV 111.2 MPH) Chris Munguia scores
|
Batting: RHB Michael McDonald
|
0-0: Called Strike 0-1: Foul Ball, location: 2F 0-2: Strikes out looking
|
Batting: RHB John Dew
|
0-0: Swinging Strike 0-1: Foul Ball, location: 2F 0-2: Foul Ball, location: 2F 0-2: Fly out, F5 (Popup, 5S, EV 80.0 MPH)
|
Batting: LHB Tomas Espino
|
0-0: Swinging Strike 0-1: Ball 1-1: DOUBLE (Flyball, 8LXD, EV 98.1 MPH) Ryan Gautney scores
|
Batting: RHB Kevin Harris
|
0-0: Ball 1-0: Fly out, F8 (Line Drive, 8RM, EV 103.8 MPH)
|
Bottom of the 3rd over - 2 runs, 2 hits, 1 error, 1 left on base; High Desert 1 - Fort Myers 4 |
TOP OF THE 4TH |
High Desert Mavericks batting - Pitching for Fort Myers Miracle : RHP Glen Dutton
|
Batting: RHB Luis Reyna
|
0-0: Ball 1-0: Foul Ball, location: 2F 1-1: Ball 2-1: Ball 3-1: Foul Ball, location: 2F 3-2: Foul Ball, location: 2F 3-2: Ground out 6-3 (Groundball, 6, EV 84.4 MPH)
|
Batting: RHB Ferdi Schipper
|
0-0: Called Strike 0-1: Ball 1-1: Ball 2-1: SOLO HOME RUN (Flyball, 7D, EV 98.8 MPH), Distance : 383 ft
|
Batting: RHB Reilly Hawkins
|
0-0: Ball 1-0: Swinging Strike 1-1: Ball 2-1: Foul Ball, location: 2F 2-2: Ball 3-2: Foul Ball, location: 2F 3-2: Base on Balls
|
Batting: RHB Steve Haskins
|
0-0: Ball 1-0: Ball 2-0: Foul Ball, location: 2F 2-1: Foul Ball, location: 2F 2-2: Fly out, F8 (Flyball, 8RD, EV 95.6 MPH)
|
Batting: RHB Vinny Luna
|
0-0: Ball Reilly Hawkins is caught stealing 2nd base 2-4
|
Top of the 4th over - 1 run, 1 hit, 0 errors, 0 left on base; High Desert 2 - Fort Myers 4 |
BOTTOM OF THE 4TH |
Fort Myers Miracle batting - Pitching for High Desert Mavericks : RHP Chris Wood
|
Batting: RHB Tony Crespo
|
0-0: Called Strike 0-1: Called Strike 0-2: Ball 1-2: Ground out U3 (Groundball, 13, EV 83.8 MPH)
|
Batting: SHB Manny Molina
|
0-0: Foul Ball, location: 2F 0-1: Called Strike 0-2: TRIPLE (Line Drive, 8RXD, EV 106.2 MPH)
|
Batting: LHB Marshall Daul
|
0-0: SINGLE (Groundball, 3, EV 94.4 MPH) Manny Molina scores
|
Batting: LHB Chris Munguia
|
0-0: Ball Marshall Daul steals 2nd base 1-0: Ground out 6-3 (Groundball, 6, EV 77.5 MPH) Marshall Daul to third
|
Batting: RHB Ryan Gautney
|
0-0: Called Strike 0-1: Ball 1-1: Called Strike 1-2: Ball 2-2: Ball 3-2: Strikes out looking
|
Bottom of the 4th over - 1 run, 2 hits, 0 errors, 1 left on base; High Desert 2 - Fort Myers 5 |
TOP OF THE 5TH |
High Desert Mavericks batting - Pitching for Fort Myers Miracle : RHP Glen Dutton
|
Batting: RHB Vinny Luna
|
0-0: Called Strike 0-1: Foul Ball, location: 2F 0-2: SINGLE (Groundball, 6MS, EV 64.4 MPH) (infield hit)
|
Batting: RHB Jose Leon
|
0-0: Ball 1-0: Grounds into double play, 5-4-3 (Groundball, 25, EV 88.1 MPH)
|
Batting: RHB Andres Valles
|
0-0: Swinging Strike 0-1: Foul Ball, location: 2F 0-2: Strikes out swinging
|
Top of the 5th over - 0 runs, 1 hit, 0 errors, 0 left on base; High Desert 2 - Fort Myers 5 |
BOTTOM OF THE 5TH |
Fort Myers Miracle batting - Pitching for High Desert Mavericks : RHP Chris Wood
|
Batting: RHB Michael McDonald
|
0-0: Called Strike 0-1: Swinging Strike 0-2: Ball 1-2: Ball 2-2: Ground out 6-3 (Groundball, 56, EV 86.9 MPH)
|
Batting: RHB John Dew
|
0-0: Called Strike 0-1: Ball 1-1: Ball 2-1: Foul Ball, location: 2F 2-2: Fly out, F9 (Flyball, 9, EV 83.1 MPH)
|
Batting: LHB Tomas Espino
|
0-0: Called Strike 0-1: SINGLE (Groundball, 34S, EV 71.2 MPH) (infield hit)
|
Batting: RHB Kevin Harris
|
0-0: Ball 1-0: Ball 2-0: Fly out, F7 (Flyball, 78D, EV 111.2 MPH)
|
Bottom of the 5th over - 0 runs, 1 hit, 0 errors, 1 left on base; High Desert 2 - Fort Myers 5 |
TOP OF THE 6TH |
High Desert Mavericks batting - Pitching for Fort Myers Miracle : RHP Glen Dutton
|
Batting: RHB Jason Swisher
|
0-0: Ball 1-0: Ball 2-0: Foul Ball, location: 2F 2-1: SINGLE (Groundball, 4S, EV 72.5 MPH) (infield hit)
|
Batting: RHB Zach Koblinski
|
0-0: Foul Ball, location: 2F 0-1: Ball 1-1: Foul Ball, location: 2F 1-2: Ball 2-2: Grounds into double play, 5-4-3 (Groundball, 25, EV 84.4 MPH)
|
Batting: RHB Luis Reyna
|
0-0: Called Strike 0-1: Ball 1-1: Ball 2-1: Foul Ball, location: 2F 2-2: Fly out, F4 (Popup, 34D, EV 53.1 MPH)
|
Top of the 6th over - 0 runs, 1 hit, 0 errors, 0 left on base; High Desert 2 - Fort Myers 5 |
BOTTOM OF THE 6TH |
Fort Myers Miracle batting - Pitching for High Desert Mavericks : RHP Chris Wood
|
Batting: RHB Tony Crespo
|
0-0: Swinging Strike 0-1: Called Strike 0-2: Ball 1-2: Foul Ball, location: 2F 1-2: Foul Ball, location: 2F 1-2: Ball 2-2: Ball 3-2: Strikes out swinging
|
Batting: SHB Manny Molina
|
0-0: Ball 1-0: Foul Ball, location: 2F 1-1: Called Strike 1-2: Strikes out swinging
|
Batting: LHB Marshall Daul
|
0-0: Called Strike 0-1: Called Strike 0-2: Ball 1-2: Ball 2-2: Ball 3-2: Fly out, F9 (Flyball, 9LM, EV 88.8 MPH)
|
Bottom of the 6th over - 0 runs, 0 hits, 0 errors, 0 left on base; High Desert 2 - Fort Myers 5 |
TOP OF THE 7TH |
High Desert Mavericks batting - Pitching for Fort Myers Miracle : RHP Glen Dutton
|
Now at 1B: Leo Gonzalez
|
|
Batting: RHB Ferdi Schipper
|
0-0: Ground out 4-3 (Groundball, 34, EV 88.8 MPH)
|
Batting: RHB Reilly Hawkins
|
0-0: Called Strike 0-1: Ball 1-1: Ball 2-1: Ball 3-1: Called Strike 3-2: Strikes out swinging
|
Pitching: LHP Willie Jimenez
|
|
Batting: RHB Steve Haskins
|
0-0: Ball 1-0: Ball 2-0: Swinging Strike 2-1: Foul Ball, location: 2F 2-2: Strikes out swinging
|
Top of the 7th over - 0 runs, 0 hits, 0 errors, 0 left on base; High Desert 2 - Fort Myers 5 |
BOTTOM OF THE 7TH |
Fort Myers Miracle batting - Pitching for High Desert Mavericks : RHP Chris Wood
|
Pitching: LHP Paul Gill
|
|
Batting: LHB Chris Munguia
|
0-0: Called Strike 0-1: DOUBLE (Flyball, 89D, EV 107.5 MPH)
|
Batting: RHB Ryan Gautney
|
0-0: Ball 1-0: Called Strike 1-1: Ball 2-1: Ball 3-1: DOUBLE (Flyball, 8RXD, EV 101.9 MPH) Chris Munguia scores
|
Batting: RHB Michael McDonald
|
0-0: Ball 1-0: Fly out, F8 (Flyball, 8RD, EV 98.1 MPH)
|
Batting: RHB John Dew
|
0-0: Called Strike 0-1: Foul Ball, location: 2F 0-2: Foul Ball, location: 2F 0-2: Ball 1-2: Ball Wild Pitch! Ryan Gautney to third 2-2: Strikes out swinging
|
Batting: RHB Leo Gonzalez
|
0-0: Called Strike 0-1: Foul Ball, location: 2F 0-2: Strikes out swinging
|
Bottom of the 7th over - 1 run, 2 hits, 0 errors, 1 left on base; High Desert 2 - Fort Myers 6 |
TOP OF THE 8TH |
High Desert Mavericks batting - Pitching for Fort Myers Miracle : LHP Willie Jimenez
|
Batting: RHB Vinny Luna
|
0-0: Ball 1-0: Swinging Strike 1-1: Ball 2-1: Foul Ball, location: 2F 2-2: Strikes out swinging
|
Batting: RHB Jose Leon
|
0-0: Ball 1-0: Called Strike 1-1: Foul Ball, location: 2F 1-2: Ball 2-2: Strikes out swinging
|
Batting: RHB Andres Valles
|
0-0: Called Strike 0-1: Foul Ball, location: 2F 0-2: Ball 1-2: Ball 2-2: Ground out U3 (Groundball, 34, EV 79.4 MPH)
|
Top of the 8th over - 0 runs, 0 hits, 0 errors, 0 left on base; High Desert 2 - Fort Myers 6 |
BOTTOM OF THE 8TH |
Fort Myers Miracle batting - Pitching for High Desert Mavericks : LHP Paul Gill
|
Batting: RHB Kevin Harris
|
0-0: Ball 1-0: Called Strike 1-1: SINGLE (Groundball, 6MD, EV 96.9 MPH)
|
Batting: RHB Tony Crespo
|
0-0: Bunted foul 0-1: Bunt missed! 0-2: Ball 1-2: Ball 2-2: Foul Ball, location: 2F 2-2: Foul Ball, location: 2F 2-2: Ball 3-2: SINGLE (Line Drive, 56D, EV 98.8 MPH) Kevin Harris to second Kevin Harris to third
|
Batting: SHB Manny Molina
|
0-0: Ball 1-0: Foul Ball, location: 2F 1-1: SINGLE (Groundball, 6MD, EV 105.0 MPH) Kevin Harris scores Tony Crespo to second Runner from 2nd tries for 3rd, SAFE, throw by CF made at trailing runner, OUT! 8-4
|
Batting: LHB Marshall Daul
|
0-0: Called Strike 0-1: Swinging Strike 0-2: Strikes out swinging
|
Batting: LHB Chris Munguia
|
0-0: Called Strike 0-1: Ball 1-1: Ball 2-1: Swinging Strike 2-2: Strikes out swinging
|
Bottom of the 8th over - 1 run, 3 hits, 0 errors, 1 left on base; High Desert 2 - Fort Myers 7 |
TOP OF THE 9TH |
High Desert Mavericks batting - Pitching for Fort Myers Miracle : LHP Willie Jimenez
|
Batting: RHB Jason Swisher
|
0-0: Ball 1-0: Ball 2-0: Called Strike 2-1: Swinging Strike 2-2: Foul Ball, location: 2F 2-2: Strikes out swinging
|
Batting: RHB Zach Koblinski
|
0-0: Ball 1-0: Fly out, F7 (Line Drive, 78M, EV 101.2 MPH)
|
Batting: RHB Luis Reyna
|
0-0: Ball 1-0: Swinging Strike 1-1: Called Strike 1-2: Strikes out looking
|
Top of the 9th over - 0 runs, 0 hits, 0 errors, 0 left on base; High Desert 2 - Fort Myers 7 |
|